 Dungeon Crawl Stone Soup version 0.14-a0-181-gf6fe0c6 (webtiles) character file.

235 Malachi the Skirmisher (level 4, 37/37 (39) HPs)
             Began as a Ghoul Fighter on Oct 6, 2013.
             Safely got out of the dungeon.
             The game lasted 00:04:47 (2098 turns).

Malachi the Skirmisher (Ghoul Fighter)              Turns: 2098, Time: 00:04:48

HP  37/37 (39)   AC  6     Str 20      XL: 4   Next: 59%
MP   2/2         EV  6     Int  3      God:
Gold 144         SH 18     Dex  8      Spells:  0 memorised,  3 levels left

Res.Fire  : . . .   See Invis. : .   a - +0 mace
Res.Cold  : + . .   Warding    : .   b - +0 scale mail
Life Prot.: + + +   Conserve   : .   c - +0 shield
Res.Poison: +       Res.Corr.  : .   (no helmet)
Res.Elec. : .       Clarity    : .   (no cloak)
Sust.Abil.: . .     Spirit.Shd : .   (no gloves)
Res.Mut.  : .       Stasis     : .   (no boots)
Res.Rott. : +       Flight     : .   (no amulet)
Saprovore : + + +                    (no ring)
                                     (no ring)

@: rotting, slightly resistant to hostile enchantments, extremely unstealthy
A: rotting body, claws 1, carnivore 3, cold resistance 1, life protection 3,
poison resistance, saprovore 3, slow healing 1, torment resistance, unbreathing
a: no special abilities


You escaped.
You were not hungry.

You visited 1 branch of the dungeon, and saw 2 of its levels.

You collected 124 gold pieces.

Inventory:

Hand weapons
 a - a +0,+0 mace (weapon)
Armour
 b - a +0 scale mail (worn)
 c - a +0 shield (worn)
Magical devices
 h - a wand of frost (8)
Comestibles
 g - a chunk of goblin flesh
Scrolls
 d - a scroll of blinking {unknown}
 e - a scroll of amnesia {unknown}
 i - a scroll of random uselessness {unknown}
 k - a scroll of noise {unknown}
 n - 2 scrolls of magic mapping {unknown}
 q - 3 scrolls of fog {unknown}
Potions
 f - 2 potions of speed {unknown}
 j - a potion of brilliance {unknown}
 m - 2 potions of magic {unknown}
 o - 3 potions of might {unknown}
 p - a potion of heal wounds {unknown}
 t - a potion of restore abilities {unknown}


   Skills:
 + Level 3.7 Fighting
 + Level 1.9 Maces & Flails
 + Level 3.3 Armour
 + Level 1.4 Dodging
 + Level 3.4 Shields


You had 3 spell levels left.
You didn't know any spells.

Dungeon Overview and Level Annotations

Branches:
Dungeon (2/27)

Altars:
Vehumet


Innate Abilities, Weirdness & Mutations

Your body is rotting away.
You have sharp fingernails.
You are carnivorous and can eat meat at any time.
Your flesh is cold resistant.
You are immune to negative energy.
Your system is resistant to poisons.
You thrive on rotten meat.
You heal slowly.
You are immune to unholy pain and torment.
You can survive without breathing.


Message History

You kill the goblin!
No target in view!
No target in view!
Things that are here:
an elven short sword; a goblin corpse You start butchering the goblin corpse with your claws.
You continue butchering the corpse.
You finish ripping the goblin corpse into pieces.
g - 2 chunks of goblin flesh You see here an elven short sword.
Eat one of 2 chunks of goblin flesh? (ye/n/q/i?) This raw flesh tastes good!
You continue eating.
You see here 11 stones.
You see here a club.
You enter the shallow water.
Moving in this stuff is going to be slow.
There is a staircase leading out of the dungeon here.
Are you sure you want to leave the Dungeon?
This will make you lose the game!
You have escaped!

#.........##.## ##.#
#.#######....# #.#########
#.# #.##.# #.##.......
#.###################.#.##.#
#.##≈≈≈≈≈≈≈§≈≈≈≈§≈≈#..#.#...
#.##≈≈≈≈≈....§≈≈≈≈≈#........
#.##≈≈....≈≈≈....≈≈####.#...
#.##≈...≈≈≈.≈≈≈...≈####.##.)
#..#≈..≈≈..@.≈≈≈............
####≈...≈≈≈.≈≈≈...§###.##.##
#≈≈....≈≈≈....≈§# #.#....
#≈≈§≈≈.....§§§≈§# #......
#≈≈≈≈≈≈§≈≈≈§§§≈§# #.#...#
################# #.##.##
#...#### #.# #......
#.#....# #.# #######
#...##.# #.# #


There were no monsters in sight!

Vanquished Creatures
  3 adders (D:2)
  2 giant geckos (D:1)
  An ooze (D:1)
  2 giant cockroaches
  9 hobgoblins
  6 jackals
  11 kobolds
  A quokka (D:1)
  3 ball pythons
  7 bats
  2 giant newts
  5 goblins
  6 rats
58 creatures vanquished.

Notes
Turn   | Place    | Note
--------------------------------------------------------------
     0 | D:1      | Malachi, the Ghoul Fighter, began the quest for the Orb.
     0 | D:1      | Reached XP level 1. HP: 19/19 MP: 0/0
   248 | D:1      | Reached XP level 2. HP: 22/25 MP: 1/1
   403 | D:1      | HP: 1/24 [quokka (2)]
   510 | D:1      | Reached XP level 3. HP: 16/33 MP: 2/2
   977 | D:1      | Reached skill level 1 in Dodging
  1296 | D:2      | Reached XP level 4. HP: 29/38 MP: 2/2
  1600 | D:2      | Found a radiant altar of Vehumet.
  2098 | D:$      | Safely got out of the dungeon.

Action                   |  1- 3 |  4- 6 || total
-------------------------+-------+-------++-------
Melee: Mace              |   197 |    56 ||   253
